 Dungeon Crawl Stone Soup version 0.28-a0-1412-gf95308ed99 (webtiles) character file.

Game seed: 6879505830754413291

3148 Essalna the Fighter (level 10, -13/76 HPs)
             Began as a Djinni Conjurer on Jan 7, 2022.
             Was a Follower of Makhleb.
             Mangled by an orc warrior (15 damage)
             ... on level 9 of the Dungeon.
             The game lasted 00:19:59 (11206 turns).

Essalna the Fighter (Djinni Conjurer)              Turns: 11206, Time: 00:20:00

Health: -13/76     AC:  2    Str:  6    XL:     10   Next: 15%
Gold:   403        EV: 13    Int: 24    God:    Makhleb [*.....] SH:  0 Dex: 12

rFire   + + .      SeeInvis +   b - +0 spear
rCold   x . .      Faith    .   (no shield)
rNeg    + . .      Spirit   .   a - +0 robe
rPois   ∞          Reflect  .   (no helmet)
rElec   +          Harm     .   (no cloak)
rCorr   .          Rampage  .   (no gloves)
Will    +....                   (boots unavailable)
Stlth   +++.......              (no amulet)
HPRegen 0.22/turn               t - ring of Ignis's Whim {*Corrode rElec rN+ SInv Stlth+}
MPRegen 0.00/turn               (no ring)

@: flying
A: sickness immunity, fire resistance 2, cold vulnerability 1, float, innate
caster, hp casting, extra vitality 1
a: Renounce Religion


You were on level 9 of the Dungeon.
You worshipped Makhleb.
Makhleb was aware of your devotion.
You visited 2 branches of the dungeon, and saw 10 of its levels.
You also visited: Sewer.

You collected 403 gold pieces.

Inventory:

Hand Weapons
 b - a +0 spear (weapon)
 w - a +4 flail of holy wrath
Missiles
 B - a throwing net
Armour
 a - a +0 robe (worn)
 x - a +0 buckler
Jewellery
 t - the ring of Ignis's Whim (left hand) {*Corrode rElec rN+ SInv Stlth+}
   (You found it on level 4 of the Dungeon)

   [ring of positive energy]

   rElec:     It insulates you from electricity.
   rN:        It protects you from negative energy.
   SInv:      It lets you see invisible.
   *Corrode:  It may corrode you when you take damage.
   Stlth:     It makes you more stealthy.
Wands
 m - a wand of digging (5)
 r - a wand of flame (20)
 y - a wand of mindburst (21)
Scrolls
 d - 3 scrolls of fog {unknown}
 e - 3 scrolls of torment {unknown}
 f - 6 scrolls of teleportation {unknown}
 h - 2 scrolls of enchant armour {unknown}
 l - a scroll of blinking {unknown}
 n - 2 scrolls of identify {unknown}
 o - 2 scrolls of brand weapon {unknown}
 q - 2 scrolls of enchant weapon {unknown}
 u - a scroll of amnesia {unknown}
 v - a scroll of fear {unknown}
 A - a scroll of magic mapping
Potions
 c - a potion of haste {unknown}
 g - a potion of lignification {unknown}
 i - a potion of brilliance {unknown}
 j - 4 potions of degeneration
 k - a potion of resistance {unknown}
 p - 2 potions of ambrosia {unknown}
 s - a potion of berserk rage {unknown}
 z - a potion of magic {unknown}
 C - a potion of attraction {unknown}
 D - a potion of curing {unknown}


   Skills:
 + Level 8.1 Fighting
 + Level 3.7 Armour
 + Level 4.9 Dodging
 - Level 1.5 Stealth
 + Level 3.9 Shields
 + Level 7.1 Spellcasting


You couldn't memorise any spells.
You knew the following spells:

 Your Spells              Type           Power      Damage    Failure   Level
a - Magic Dart            Conj           100%       1d8       1%          1
b - Searing Ray           Conj           84%        2d7       1%          2
c - Dazzling Flash        Conj/Hex       84%        N/A       1%          3
d - Fulminant Prism       Conj/Hex       21%        3d13      3%          4
e - Iskenderun's Mystic   Conj/Tloc      42%        2d10      3%          4
f - Sting                 Tmut/Pois      100%       1d8       1%          1
g - Poisonous Vapours     Pois/Air       84%        N/A       1%          2
h - Gell's Gravitas       Tloc           42%        N/A       1%          3
i - Teleport Other        Tloc           42%        N/A       1%          3
Your spell library was empty.

Dungeon Overview and Level Annotations

Branches:
Dungeon (10/15)            Temple (1/1) D:4           Sewer (visited)
   Lair: D:8-11         Orc: D:9-12

Altars:
Ashenzari
Cheibriados
Dithmenos
Elyvilon
Fedhas
Gozag
Hepliaklqana
Kikubaaqudgha
Makhleb
Qazlal
Ru
Sif Muna
Uskayaw
Vehumet
Wu Jian
Xom
Yredelemnul
Zin
The Shining One

Shops:
D:4 ?


Innate Abilities, Weirdness & Mutations

You are immune to sickness and miasma.
You are immune to poison.
Your flesh is very heat resistant. (rF++)
You are vulnerable to cold. (rC-)
You float through the air rather than walking.
You learn spells naturally, not from books.
Your magical power is your life essence.
You have superior vitality. (+4 MHP)


Message History

The searing ray hits the orc warrior.
The orc warrior is heavily wounded. (Press . to maintain the ray.)
The orc warrior throws a boomerang of dispersal.
The boomerang of dispersal closely misses you.
The searing ray misses the orc warrior.
The searing ray hits the orc warrior.
The orc warrior is severely wounded.
The orc warrior hits you with a +0 short sword!!
The searing ray hits the orc warrior but does no damage.
The orc warrior is severely wounded.
You finish channelling your searing ray.
The orc warrior hits you with a +0 short sword!
Casting: Searing Ray (safe; 1% risk of failure)
Confirm with . or Enter, or press ? or * to list all spells.
Aiming: Searing Ray (safe; 1% risk of failure)
Press: ? - help, Shift-Dir - straight line, f/p - orc warrior
Aim: an orc warrior, wielding a +0 short sword, wearing a +0 plate armour and quivering boomerangs of dispersal (severely wounded, 82% to hit)
The searing ray misses the orc warrior. (Press . to maintain the ray.)
* * * LOW HITPOINT WARNING * * *
The orc warrior hits you with a +0 short sword.
* * * LOW HITPOINT WARNING * * *
The searing ray misses the orc warrior.
* * * LOW HITPOINT WARNING * * *
The orc warrior hits you with a +0 short sword!
* * * LOW HITPOINT WARNING * * *
Casting: Searing Ray (safe; 1% risk of failure)
Confirm with . or Enter, or press ? or * to list all spells.
Okay, then.
Unknown command.
The searing ray hits the orc warrior but does no damage.
The orc warrior is severely wounded.
* * * LOW HITPOINT WARNING * * *
The orc warrior completely misses you.
Without enough magic to sustain it, your searing ray dissipates.
The orc warrior barely misses you. The orc warrior completely misses you.
The orc warrior hits you with a +0 short sword!
You die...

#########
......)@#
#######o#
#)# ..#
###


You could see an orc warrior.

Vanquished Creatures
  A troll (D:7)
  A shadow (D:10)
  Eustachio (D:5)
  A steam dragon (D:6)
  Edmund (D:5)
  A water moccasin (D:5)
  Duvessa (D:6)
  A sky beast (D:5)
  A necrophage (D:7)
  An orc warrior (D:7)
  A black bear (D:4)
  2 ogres (D:4)
  A phantom (D:6)
  3 kobold brigands
  4 bullfrogs
  A gnoll sergeant (D:6)
  2 scorpions
  A water moccasin zombie (D:6)
  Dowan (D:6)
  A centaur zombie (D:6)
  5 hounds
  3 jellies
  2 centaur skeletons
  An iguana (D:4)
  An orc wizard (D:5)
  14 gnolls
  14 adders
  4 river rats (Sewer)
  An ufetubus (D:4)
  3 worms
  2 dart slugs (D:4)
  20 orcs
  17 ball pythons
  4 endoplasms
  3 giant cockroaches
  3 goblins
  7 hobgoblins
  6 jackals
  26 kobolds
  5 quokkas
  9 bats
  9 frilled lizards
  3 rats
189 creatures vanquished.

Vanquished Creatures (others)
  2 fulminant prisms (D:4)
2 creatures vanquished.

Grand Total: 191 creatures vanquished

Notes
Turn   | Place    | Note
-------+----------+-------------------------------------------
     0 | D:1      | Essalna the Djinni Conjurer began the quest for the Orb.
     0 | D:1      | Reached XP level 1. HP: 15/15 MP: 0/0
   318 | D:1      | Reached XP level 2. HP: 19/22 MP: 0/0
   355 | D:1      | Reached skill level 1 in Fighting
   565 | D:1      | Found a faded altar of an unknown god.
  1126 | D:1      | Reached XP level 3. HP: 26/27 MP: 0/0
  1126 | D:1      | Learned a level 1 spell: Sting
  1436 | D:2      | Reached skill level 2 in Fighting
  1588 | D:2      | Reached XP level 4. HP: 30/33 MP: 0/0
  2272 | D:2      | Reached XP level 5. HP: 39/40 MP: 0/0
  2272 | D:2      | Learned a level 2 spell: Poisonous Vapours
  2580 | D:3      | Reached skill level 3 in Fighting
  3361 | D:4      | Noticed an ogre
  3368 | D:4      | Killed an ogre
  3369 | D:4      | Reached XP level 6. HP: 37/47 MP: 0/0
  3378 | D:4      | Reached skill level 4 in Fighting
  3384 | D:4      | Noticed an ogre
  3495 | D:4      | Found a staircase to the Ecumenical Temple.
  3565 | D:4      | Found Ocater's Magic Scroll Emporium.
  3612 | D:4      | Found a glowing drain.
  3621 | Sewer    | Entered a sewer
  4150 | Sewer    | Reached XP level 7. HP: 25/53 MP: 0/0
  4150 | Sewer    | Learned a level 3 spell: Gell's Gravitas
  4679 | D:4      | Reached skill level 5 in Spellcasting
  4682 | D:4      | Reached skill level 5 in Fighting
  5115 | Temple   | Entered the Ecumenical Temple
  5196 | Temple   | Became a worshipper of Makhleb the Destroyer
  5673 | D:4      | Identified the ring of Ignis's Whim {*Corrode rElec rN+
                  | SInv Stlth+}
  6071 | D:5      | Entered Level 5 of the Dungeon
  6150 | D:5      | Reached XP level 8. HP: 54/61 MP: 0/0
  6230 | D:5      | Noticed Edmund
  6428 | D:5      | Reached skill level 6 in Fighting
  6784 | D:5      | Noticed Eustachio
  6795 | D:5      | Killed Eustachio
  7008 | D:5      | Killed Edmund
  8064 | D:6      | Reached skill level 7 in Fighting
  8103 | D:6      | Noticed Dowan
  8106 | D:6      | Noticed Duvessa
  8133 | D:6      | Reached XP level 9. HP: 55/68 MP: 0/0
  8133 | D:6      | Learned a level 3 spell: Teleport Other
  8344 | D:6      | Reached skill level 1 in Shields
  8466 | D:6      | Reached skill level 1 in Armour
  8799 | D:6      | Reached * piety under Makhleb
  9957 | D:6      | Killed Duvessa
  9959 | D:6      | Killed Dowan
 10287 | D:7      | Found a broken altar of Ashenzari.
 10324 | D:7      | Found a glowing golden altar of the Shining One.
 10418 | D:7      | Noticed a troll
 10535 | D:7      | Found an ornate altar of the Wu Jian Council.
 10677 | D:7      | Reached XP level 10. HP: 57/76 MP: 0/0
 10831 | D:7      | Reached skill level 8 in Fighting
 11065 | D:7      | You are sucked into a shaft and drop 3 floors!
 11065 | D:10     | Entered Level 10 of the Dungeon
 11202 | D:9      | HP: 2/76 [orc warrior (16)]
 11206 | D:9      | Mangled by an orc warrior

Illustrated notes

Levels and vault maps discovered:
D:1:      saegor_arrival_simple_e, layout_basic,
          dilly_ecumenical_altar_fadedgnrine, serial_park_tiny_2
D:2:      layout_basic, serial_glass, glass_columns_a, glass_columns_b,
          glass_columns_c, glass_columns_b
D:3:      layout_loops_cross, minmay_misc_feat_chi
D:4:      layout_loops_corners, mainiacjoe_overflow_alcove_2, temple_pool_b,
          cheibrodos_sewer_entry_bend, serial_shops, shop
D:5:      layout_layer_cave, uniq_eustachio, uniq_edmund
D:6:      layout_cave_pools, chequers_jeans, minmay_circle_x, uniq_duvessa
D:7:      layout_rooms, evilmike_ruin_ashenzari, kennysheep_mini,
          mainiacjoe_overflow_brackets, uniq_joseph
D:9:      layout_basic, trog_wizard, mainiacjoe_overflow_tiny_flanked,
          minmay_lair_entry_grove, amethyst_killhole,
          chequers_serial_rivers_micro_c, corexii_corridor_pit,
          minmay_shop_grid_forest
D:10:     layout_stronghold, mainiacjoe_overflow_surrounded_room
Temple:   regret_index_temple_waves

Skill      XL: |  1  2  3  4  5  6  7  8  9 10 |
---------------+-------------------------------+-----
Fighting       | 1 2 3 4 5 7 8 |  8.1
Spellcasting   | 4 5 6 7 |  7.1
Shields        | 3 |  3.9
Armour         | 3 |  3.7
Dodging        | 4 |  4.9
Stealth        | |  1.5

Action                   |  1- 3 |  4- 6 |  7- 9 | 10-12 || total
-------------------------+-------+-------+-------+-------++-------
Melee: Spear             |       |     8 |       |       ||     8
 Cast: Magic Dart        |    52 |   121 |   191 |    13 ||   377
       Searing Ray       |     1 |     8 |    28 |     6 ||    43
       Dazzling Flash    |       |     3 |     1 |       ||     4
       Fulminant Prism   |       |       |     2 |       ||     2
       Gell's Gravitas   |       |       |     2 |       ||     2
       Iskenderun's Myst |       |       |    26 |     6 ||    32
       Teleport Other    |       |       |       |     1 ||     1
  Use: Scroll            |     1 |     2 |       |       ||     3
 Stab: Invisible         |       |     2 |       |       ||     2
Armor: Robe              |       |     6 |    13 |     1 ||    20
Dodge: Dodged            |     2 |    29 |    59 |    11 ||   101

Table legend: (Time is in decaauts)
 A = Elapsed time spent in this place.
 B = Non-inter-level travel time spent in this place.
 C = Inter-level travel time spent in this place.
 D = Time resting spent in this place.
 E = Time spent auto-exploring this place.
 F = Levels seen in this place.
 G = Mean time per level.
                   A        B        C        D        E       F      G
               +--------+--------+--------+--------+--------+-----+--------+
         Total |  11215 |  10646 |    569 |   1329 |   8127 |  11 | 1019.5 |
       Dungeon |  10044 |   9525 |    519 |   1329 |   7173 |   9 | 1116.0 |
        Temple |    132 |     82 |     50 |      0 |     65 |   1 |  132.0 |
         Sewer |   1037 |   1037 |      0 |      0 |    889 |   1 | 1037.0 |
               +--------+--------+--------+--------+--------+-----+--------+

Top non-repeatable levels by time:
     D:5: 2792 daAuts
     D:4: 1649 daAuts
     D:1: 1411 daAuts
     D:6: 1326 daAuts
     D:2: 1155 daAuts
   Sewer: 1037 daAuts
     D:3: 841 daAuts
     D:7: 728 daAuts
  Temple: 132 daAuts
    D:10: 125 daAuts
     D:9: 14 daAuts
